 Dungeon Crawl Stone Soup version 0.20-a0-1034-gb277f92 (webtiles) character file.

153 sugabear the Chopper (level 5, 0/27 HPs)
             Began as a Vine Stalker Gladiator on Apr 21, 2017.
             Slain by an orc wizard
             ... wielding a +0 dagger
              (2 damage)
             ... on level 3 of the Dungeon.
             The game lasted 00:02:03 (1662 turns).

sugabear the Chopper (Vine Stalker Gladiator)       Turns: 1662, Time: 00:02:04

Health: 0/27       AC:  6    Str: 18    XL:     5   Next: 35%
Magic:  0/6        EV: 12    Int:  8    God:
Gold:   98         SH:  0    Dex: 15    Spells: 4/4 levels left

rFire    . . .     SeeInvis .   a - +0 war axe
rCold    . . .     Gourm    .   (no shield)
rNeg     . . .     Faith    .   q - +0 ring mail
rPois    .         Spirit   +   c - +0 helmet
rElec    .         Reflect  .   (no cloak)
rCorr    .         Harm     .   (no gloves)
MR       .....                  (no boots)
Stlth    ..........             (no amulet)
Regen    0.5/turn               (no ring)
MPRegen  0.1/turn               (no ring)

@: confused
A: fangs 2, regeneration 1, magic shield, antimagic bite, no potion heal 3, rot
immunity
a: no special abilities


You were on level 3 of the Dungeon.
You were not hungry.

You visited 1 branch of the dungeon, and saw 3 of its levels.

You collected 98 gold pieces.

Inventory:

Hand Weapons
 a - a +0 war axe (weapon)
Missiles
 d - 3 throwing nets (quivered)
Armour
 c - a +0 helmet (worn)
 p - a +1 scale mail of fire resistance
 q - a +0 ring mail (worn)
Wands
 r - a wand of digging (10/24)
 t - a wand of polymorph (12/24)
Scrolls
 b - 2 scrolls of remove curse {unknown}
 e - 4 scrolls of identify {unknown}
 h - a scroll of enchant armour {unknown}
 k - a scroll of enchant weapon {unknown}
 m - a scroll of blinking {unknown}
 n - 3 scrolls of teleportation {unknown}
Potions
 g - 2 potions of heal wounds {unknown}
 j - a potion of haste
 l - a potion of degeneration {unknown}
 o - 2 potions of curing {unknown}
 s - a potion of ambrosia {unknown}
Comestibles
 f - 2 bread rations
 i - 2 royal jellies


   Skills:
 + Level 2.6 Fighting
 + Level 4.2 Axes
 + Level 1.9 Throwing
 + Level 0.7 Armour
 + Level 3.0 Dodging
 + Level 0.6 Stealth


You had 4 spell levels left.
You didn't know any spells.

Dungeon Overview and Level Annotations

Branches:
Dungeon (3/15)

Altars:
Hepliaklqana
Makhleb
Okawaru
Vehumet
Wu Jian


Innate Abilities, Weirdness & Mutations

You have extremely sharp teeth.
Your natural rate of healing is unusually fast.
When hurt, damage is shared between your health and your magic reserves.
Your bite disrupts and absorbs the magic of your enemies.
Potions cannot restore your health.
You are immune to rotting.


Message History

The orc wizard barely misses you. The goblin hits you but does no damage.
The orc barely misses you.
Things that are here:
a short sword; an orc corpse Unknown command.
You barely miss the orc wizard.
The orc wizard is almost dead.
You closely miss the orc. You closely miss the goblin. You miss something.
Something hits you but does no damage. The orc closely misses you.
The orc wizard gestures at you while chanting.
You are confused.
The goblin hits you but does no damage.
Unknown command.
You bump into the rock wall.
Something hits you but does no damage. The orc hits you with a short sword.
* * * LOW HITPOINT WARNING * * *
The orc wizard mumbles some strange words.
The orc wizard flickers and vanishes!
The goblin hits you but does no damage. Something hits you.
You die...

#...# ...# #).... ._.
#####....# ... #
....##...# #.##.# ##
.....#...# #... ..#
#.#......####.# ...#
.............?#####....#
.#.#...........{{.....##
.........###...)@o......
#.#.#...## #####g.##.###
........# #..# #
.#.#.#..## #..#
.........#######..#
#.#.#.#...........#
..........######..#
.#.#.#.#..# ..!.
..........#


You could see an orc and a goblin.

Vanquished Creatures
  An orc wizard (D:3)
  Jessica (D:2)
  Terence (D:2)
  An adder (D:2)
  An ooze (D:2)
  2 dart slugs
  A leopard gecko (D:1)
  4 orcs (D:3)
  3 giant cockroaches
  8 goblins
  10 hobgoblins
  A quokka (D:3)
  A ball python (D:1)
  2 bats
  A frilled lizard (D:2)
  4 kobolds
  7 rats
49 creatures vanquished.

Notes
Turn   | Place    | Note
-------+----------+-------------------------------------------
     0 | D:1      | sugabear the Vine Stalker Gladiator began the quest for the Orb.
     0 | D:1      | Reached XP level 1. HP: 11/11 MP: 2/2
   158 | D:1      | Reached XP level 2. HP: 15/15 MP: 3/3
   200 | D:1      | Reached skill level 3 in Axes
   758 | D:2      | Reached XP level 3. HP: 18/18 MP: 4/4
   922 | D:2      | Found a radiant altar of Vehumet.
  1002 | D:2      | Noticed Jessica
  1006 | D:2      | Killed Jessica
  1006 | D:2      | Gained mutation: Your natural rate of healing is unusually fast. [Vine Stalker growth]
  1006 | D:2      | Reached XP level 4. HP: 23/23 MP: 5/5
  1251 | D:2      | Found a burning altar of Makhleb.
  1251 | D:2      | Noticed Terence
  1272 | D:2      | Killed Terence
  1383 | D:2      | Found a hazy altar of Hepliaklqana.
  1409 | D:2      | Found an iron altar of Okawaru.
  1465 | D:3      | Reached skill level 4 in Axes
  1480 | D:3      | Reached XP level 5. HP: 22/27 MP: 4/6
  1636 | D:3      | Found an ornate altar of the Wu Jian Council.
  1662 | D:3      | Slain by an orc wizard

Vault maps used:
D:1:      saegor_arrival_simple_f, minmay_misc_feat_diagonals
D:2:      kennysheep_okawaru_gauntlet, lightli_temple_of_fire, vehumet_crystals,
          overflow_temple_1_default, uniq_terence, uniq_jessica
D:3:      nicolae_overflow_crystal_walls, old_standard_altar, tso_metal_star,
          dk_noncrumbling_2, hex_large, minmay_item_behind_shaft

Skill      XL: |  1  2  3  4  5 |
---------------+----------------+-----
Axes           | 3 4 |  4.2
Fighting       | 2 |  2.6
Dodging        | 3 |  3.0
Throwing       | |  1.9
Armour         | |  0.7
Stealth        | |  0.6

Action                   |  1- 3 |  4- 6 || total
-------------------------+-------+-------++-------
Melee: War axe           |    76 |    68 ||   144
       Bite              |    18 |    22 ||    40
  Eat: Chunk             |       |     3 ||     3
Armor: Leather armour    |    21 |       ||    21
       Ring mail         |       |    34 ||    34
Dodge: Dodged            |    50 |    67 ||   117
